 Dungeon Crawl Stone Soup version 0.30-a0-310-g7d6cbdfea6 (webtiles) character file.

Game seed: 13315444522399217666

21 MrElixer the Cudgeller (level 2, -2/40 HPs)
             Began as a Minotaur Berserker on Oct 24, 2022.
             Was a Follower of Trog.
             Frozen to death by an endoplasm (3 damage)
             ... on level 1 of the Dungeon.
             The game lasted 00:01:08 (379 turns).

MrElixer the Cudgeller (Minotaur Berserker)          Turns: 379, Time: 00:01:09

Health: -2/40      AC:  5    Str: 21    XL:     2   Next: 62%
Magic:  1/1        EV: 11    Int:  4    God:    Trog [*.....]
Gold:   51         SH:  0    Dex:  9    Spells: 1/1 levels left

rFire   . . .      SeeInvis .    a - +0 mace
rCold   . . .      Faith    .    (no shield)
rNeg    . . .      Spirit   .    f - +0 ring mail
rPois   .          Reflect  .    (helmet restricted)
rElec   .          Harm     .    (no cloak)
rCorr   .          Rampage  .    (no gloves)
Will    .....                    (no boots)
Stlth   ..........               (no amulet)
HPRegen 0.26/turn                (no ring)
MPRegen 0.07/turn                (no ring)

@: berserking, very quick
A: horns 2, retaliatory headbutt
a: Renounce Religion, Berserk


You were on level 1 of the Dungeon.
You worshipped Trog.
Trog was aware of your devotion.
You visited 1 branch of the dungeon, and saw 1 of its levels.

You collected 51 gold pieces.

Inventory:

Hand Weapons
 a - a +0 mace (weapon)
Missiles
 h - 3 silver javelins (quivered)
Armour
 b - a +0 animal skin
 e - a +1 pair of boots of flying
 f - a +0 ring mail (worn)
 g - a scarf of repulsion
Jewellery
 d - a ring of wizardry
Scrolls
 c - 2 scrolls of teleportation {unknown}


   Skills:
 + Level 4.0 Fighting
 + Level 4.2 Maces & Flails
 + Level 2.5 Armour
 + Level 2.4 Dodging


You had one spell level left.
You didn't know any spells.
Your spell library was empty.

Dungeon Overview and Level Annotations

Branches:
Dungeon (1/15)

Altars:


Innate Abilities, Weirdness & Mutations

You have a pair of horns on your head.
You reflexively headbutt those who attack you in melee.


Message History

Found a stone staircase leading down.
You now have 51 gold pieces (gained 9).
Found a spear.
An endoplasm and a ball python come into view.
Found 43 gold pieces.
The endoplasm quivers.
The ball python hisses angrily.
A gnoll comes into view. It is wielding a +0 club.
Found 26 gold pieces.
The gnoll shouts!
The endoplasm freezes you.
You are frozen.
You thump the ball python!
You kill the ball python!
Trog accepts your kill.
A bat comes into view.
The endoplasm freezes you.
You are frozen.
The endoplasm freezes you.
You are frozen.
You hit the gnoll.
The gnoll is moderately wounded.
The bat hits you. The endoplasm freezes you.
You are frozen.
The gnoll hits you with a +0 club!
* * * LOW HITPOINT WARNING * * *
You hit the gnoll.
You headbutt the gnoll, but do no damage.
The gnoll is heavily wounded.
The bat closely misses you. The endoplasm freezes you.
You are frozen.
* * * LOW HITPOINT WARNING * * *
The gnoll completely misses you.
A red film seems to cover your vision as you go berserk!
You feel yourself moving faster!
You feel mighty! The bat hits you.
* * * LOW HITPOINT WARNING * * *
The endoplasm freezes you.
You are frozen.
You die...

#..†.......
##PPPPP......#..........
...$$$P.................
#P$$$P.....####........
.#P$$$.......##.........
....P.P.................
.......b.......##.).....
.............#..........
......g@.....###..÷.....
........J...##..........
.#.............#........
####..####.##..........
##..###....#........
##.....##..........
#####.#####.......
#..#####.###..
#####...>##.###..


You could see a gnoll, an endoplasm and a bat.

Vanquished Creatures
  5 ball pythons (D:1)
  A bat (D:1)
  An endoplasm (D:1)
  A goblin (D:1)
  A hobgoblin (D:1)
  4 jackals (D:1)
  2 frilled lizards (D:1)
  2 kobolds (D:1)
  3 rats (D:1)
20 creatures vanquished.

Vanquished Creatures (others)
  5 toadstools (D:1)
5 creatures vanquished.

Grand Total: 25 creatures vanquished

Notes
Turn   | Place    | Note
-------+----------+-------------------------------------------
     0 | D:1      | MrElixer the Minotaur Berserker began the quest for the
                  | Orb.
     0 | D:1      | Reached XP level 1. HP: 19/19 MP: 0/0
   141 | D:1      | Reached XP level 2. HP: 20/27 MP: 1/1
   378 | D:1      | HP: 1/27 [frozen (5)]
   379 | D:1      | Frozen to death by an endoplasm

Illustrated notes

Levels and vault maps discovered:
D:1:      dpeg_arrival_lava_temple_mockup, layout_rooms,
          minmay_gold_behind_fungi

Skill      XL: |  1  2 |
---------------+-------+-----
Maces & Flails | 4 |  4.2
Fighting       | 4 |  4.0
Armour         | |  2.5
Dodging        | |  2.4

Action                   || total
-------------------------++-------
Melee: Mace              ||    39
       Headbutt          ||     7
Invok: Berserk           ||     1
Armor: Animal skin       ||     8
       Ring mail         ||     5
Dodge: Dodged            ||    30

Table legend: (Time is in decaauts)
 A = Elapsed time spent in this place.
 B = Non-inter-level travel time spent in this place.
 C = Inter-level travel time spent in this place.
 D = Time resting spent in this place.
 E = Time spent auto-exploring this place.
 F = Levels seen in this place.
 G = Mean time per level.
                   A        B        C        D        E       F      G
               +--------+--------+--------+--------+--------+-----+--------+
         Total |    386 |    386 |      0 |      0 |    189 |   1 |  386.0 |
       Dungeon |    386 |    386 |      0 |      0 |    189 |   1 |  386.0 |
               +--------+--------+--------+--------+--------+-----+--------+

Top non-repeatable levels by time:
     D:1: 386 daAuts
